AoeStats
← gogo

Arabia

509721721Analyzed
4v4 RM · 3d ago on Sep 27, 2026· 33m 26s· 8 players
Game mode
Random Map
Map size
Large (8 player)
Population
200
Speed
Normal
Resources
Standard
Victory
Conquest
Starting age
Dark Age
Ending age
Imperial Age
RankedLock teamsTeams togetherTeam positionsShared explorationLock speedFull tech treeHidden civsTurbo modeCheats
Victory
Defeat
🇨🇳 Mongols · China
1233
+13
🇧🇷 Ethiopians · Brazil
1229
+13
🇺🇸 Hindustanis · United States
1207
+14
🇨🇳 Varangians · China
1206
+14
🇫🇷 Magyars · France
1279
-17
🇫🇷 Ethiopians · France
1175
-14
🇫🇷 Japanese · France
1162
-13
🇫🇷 Hindustanis · France
1076
-10
gogo
7:18 Loom
9:31 Feudal Age
10:53 Double-Bit Axe
11:48 Horse Collar
13:26 Scale Barding Armor
14:40 Forging
18:48 Wheelbarrow
21:35 Castle Age
21:42 Gold Mining
23:37 Bloodlines
24:26 Husbandry
24:57 Heavy Plow
25:10 Bow Saw
26:58 Chain Barding Armor
27:43 Stone Mining
30:20 Gambesons
30:36 Squires
31:32 Iron Casting
30:58 Scale Mail Armor
nsimeone11
5:55 Loom
9:12 Feudal Age
10:59 Double-Bit Axe
12:02 Horse Collar
13:15 Wheelbarrow
20:05 Castle Age
18:58 Scale Barding Armor
20:53 Bloodlines
20:55 Forging
22:07 Chain Barding Armor
23:58 Iron Casting
25:10 Bow Saw
26:38 Gold Mining
30:16 Gold Shaft Mining
30:17 Hand Cart
30:43 Town Watch
31:09 Husbandry
Fs.hiGhly_
7:20 Loom
9:53 Feudal Age
12:47 Fletching
15:39 Padded Archer Armor
23:31 Castle Age
23:27 Double-Bit Axe
23:25 Horse Collar
23:38 Crossbowman
24:14 Bodkin Arrow
24:52 Gold Mining
26:14 Ballistics
26:41 Bow Saw
30:43 Leather Archer Armor
30:38 Thumb Ring
axjhbl90
6:58 Loom
8:44 Feudal Age
15:02 Double-Bit Axe
17:18 Wheelbarrow
21:02 Castle Age
18:55 Gold Mining
18:59 Stone Mining
20:13 Bloodlines
20:23 Horse Collar
20:52 Scale Barding Armor
20:58 Forging
22:34 Bow Saw
24:04 Fletching
25:20 Gold Shaft Mining
25:48 Bodkin Arrow
26:54 Padded Archer Armor
32:38 Hand Cart
Quetzalcoatl
7:32 Loom
10:02 Feudal Age
10:52 Double-Bit Axe
13:21 Forging
14:27 Scale Barding Armor
16:07 Horse Collar
21:07 Castle Age
20:42 Gold Mining
21:55 Husbandry
22:07 Bloodlines
22:19 Bow Saw
24:28 Iron Casting
24:15 Chain Barding Armor
29:33 Wheelbarrow
31:36 Hand Cart
33:15 Heavy Plow
Nowe
8:22 Loom
10:08 Feudal Age
12:07 Double-Bit Axe
12:46 Horse Collar
19:17 Scale Barding Armor
23:54 Castle Age
23:44 Bloodlines
25:19 Husbandry
26:12 Chain Barding Armor
31:36 Wheelbarrow
FISH yumino
6:27 Loom
9:27 Feudal Age
18:38 Fletching
19:02 Double-Bit Axe
22:12 Wheelbarrow
26:18 Castle Age
24:22 Gold Mining
24:50 Padded Archer Armor
24:39 Horse Collar
25:36 Scale Mail Armor
26:21 Crossbowman
27:07 Thumb Ring
26:59 Bodkin Arrow
Jean de Carrouges
7:03 Loom
10:22 Feudal Age
15:04 Fletching
16:57 Padded Archer Armor
23:59 Castle Age
24:09 Crossbowman
24:47 Bodkin Arrow
26:18 Stone Mining
26:18 Gold Mining
31:54 Horse Collar
Connection lost

Rejoining the realm…

Still unreachable

The connection could not be restored.

Session expired

The server has moved on; the page needs a fresh start.